[Event "*** Titled Tuesday Blitz"]
[Site "Chess.com"]
[Date "2020.10.20"]
[Round "7"]
[White "pedromartinez91"]
[Black "Fy_Rakotomaharo"]
[Result "0-1"]
[WhiteElo "2482"]
[BlackElo "2648"]
[TimeControl "180+1"]
[EndTime "11:21:00 PDT"]
[Termination "Fy_Rakotomaharo won on time"]

1. b3 e5 2. Bb2 Nc6 3. e3 g6 4. Nf3 Bg7 5. d4 exd4 6. Nxd4 Nf6 7. c4 O-O 8. Be2 Re8 9. O-O d6 10. Nd2 Bd7 11. Qc2 a5 12. Nb5 Nb4 13. Qc1 Bf5 14.
Re1 a4 15. Nd4 Bd3 16. a3 Bxe2 17. axb4 Bg4 18. bxa4 Bd7 19. a5 c5 20. bxc5 dxc5 21.
N4b3 Qc7 22. h3 Bc6 23. Bc3 Red8 24. Qb2 Qe7 25. e4 Rd3 26. e5 Nd7 27. Ne4 Qh4 28. Nbxc5 Nxc5 29. Nxc5 Rxh3 30. gxh3 Qxh3 31. Ne4 Qg4+ 32. Ng3 Qf3 33. Kf1 h5 34. Re3 Qg2+ 35. Ke2 h4 36. Nf1 Rd8 37. e6 Bh6 38. exf7+ Kxf7 39. Bd2 Qg4+ 40. Ke1 Bxe3 41. Bxe3 h3 42. Qe5 Qe6 43. Qc7+ Rd7 44. Qf4+ Kg8 45. Qh6 Qf5 46.
Qg5 Qe6 47. Qg3 Be4 48. Rd1 Rxd1+ 49. Kxd1 Qxc4 50. Nd2 Qa4+ 51. Ke2 Bf5 52. Qb8+ Kf7 53. Qc7+ Kf6 54. Qxb7 Qxa5 55. Qb6+ Qxb6 56. Bxb6 h2 57.
Bd4+ Kf7 58. Nf3 Bg4 0-1

[Event "*** Titled Tuesday Blitz"]
[Site "Chess.com"]
[Date "2020.10.20"]
[Round "7"]
[White "Jospem"]
[Black "platy3"]
[Result "1-0"]
[WhiteElo "2961"]
[BlackElo "2819"]
[TimeControl "180+1"]
[EndTime "11:21:01 PDT"]
[Termination "Jospem won by resignation"]

1. e4 e5 2. Nf3 Nc6 3. Bc4 Bc5 4.
c3 Nf6 5. d3 O-O 6. Nbd2 a5 7.
a4 d6 8. h3 Be6 9. O-O Ba7 10.
Re1 h6 11. Bb5 Ne7 12. d4 Ng6 13. Nf1 exd4 14. cxd4 d5 15. exd5 Nxd5 16. Ng3 Ndf4 17. Be3 Bd5 18. Bf1 Qf6 19. Ne5 Nh4 20. Qg4 Nfg6 21.
Nd7 Qc6 22. Nxf8 Rxf8 23. Nf5 Nxf5 24. Qxf5 Bb6 25. Rac1 Qd6 26. Qg4 c6 27. Bd3 Bc7 28. g3 Be6 29. Bf5 Bd5 30. h4 Qd8 31. Be4 Be6 32.
Qh5 Ne7 33. Rcd1 Bd5 34. Bxd5 Nxd5 35. Qf3 Qd7 36. Bd2 Bd6 37. Kg2 Ra8 38. Re2 Bb4 39. Rde1 Bd6 40. h5 Nc7 41. Bf4 Bxf4 42. Qxf4 Ne6 43.
Qe5 Qxd4 44. Qxd4 Nxd4 45. Re7 b5 46. Rd7 Ne6 47. axb5 cxb5 48. Re5 b4 49. Rb7 Nd4 50. Ree7 Rf8 51. Red7 Nb3 52. Rd5 Rc8 53. Rf5 Rf8 54. Rf3 Nd4 55. Rd3 Nc6 56. Rb5 Rc8 57. Rc5 Ne7 58. Rxc8+ Nxc8 59. Rd8+ 1-0

[Event "*** Titled Tuesday Blitz"]
[Site "Chess.com"]
[Date "2020.10.20"]
[Round "7"]
[White "Rodalquilar"]
[Black "xberli"]
[Result "1/2-1/2"]
[WhiteElo "2711"]
[BlackElo "2567"]
[TimeControl "180+1"]
[EndTime "11:21:06 PDT"]
[Termination "Game drawn by agreement"]

1. d4 Nf6 2. Bf4 g6 3. e3 Bg7 4. Nf3 O-O 5. Be2 d6 6. O-O b6 7.
h3 Bb7 8. Nh2 c5 9. c3 Nbd7 10.
Nf3 a6 11. a4 Ra7 12. Nbd2 Qa8 13. Bh2 Ne4 14. Nxe4 Bxe4 15. Bd3 Bc6 16. Re1 Nf6 17. a5 b5 18. dxc5 dxc5 19. Be5 Rd7 20. Qe2 Rfd8 21. Rad1 Bd5 22. e4 Bb3 23. Rd2 Qc6 24. Bb1 Qe6 25.
Rxd7 Rxd7 26. Qe3 Qc6 27. Qf4 Nh5 28. Qh4 f6 29. Bh2 e5 30. g4 Nf4 31. Bxf4 exf4 32. g5 fxg5 33. Nxg5 h6 34. Nf3 Qf6 35. Qxf6 Bxf6 36.
e5 Bd8 37. Bxg6 Bxa5 38. Ra1 Rd1+ 39. Rxd1 Bxd1 40. e6 Bxf3 41. e7 Bc6 42. e8=Q+ Bxe8 43. Bxe8 b4 44. c4 Kg7 45. Bc6 Bc7 46. b3 Kf6 47. Kg2 Ke5 48. Kf3 Kd4 49. Ba4 Kd3 50. Bc6 Kc3 51.
Ba4 Kc2 52. Ke2 Be5 53. Kf3 Bd4 54. Kxf4 Bxf2 55. Kg4 Be3 56. Kh5 Kc3 57. Kg4 Kd4 58. Kg3 a5 59. Bb5 Kc3 60. Ba4 Kb2 61. Kf3 Bd4 62.
Kg4 Kc2 63. Kh5 Be3 64. Kg4 Kd3 65. Kf3 Kd4 66. Bb5 Bc1 67. Ba4 Ke5 68. Bb5 Kf5 69. Ba4 Kg5 1/2-1/2

[Event "*** Titled Tuesday Blitz"]
[Site "Chess.com"]
[Date "2020.10.20"]
[Round "7"]
[White "pavelalexandru07"]
[Black "Qvalda"]
[Result "1-0"]
[WhiteElo "2293"]
[BlackElo "2402"]
[TimeControl "180+1"]
[EndTime "11:21:06 PDT"]
[Termination "pavelalexandru07 won by resignation"]

1. e4 g6 2. d4 Bg7 3. c4 d6 4. Nc3 e5 5. d5 Nd7 6. Be3 h5 7. Be2 Bh6 8. Qd2 a5 9. Nf3 Bxe3 10. Qxe3 Ngf6 11. h3 Nc5 12. O-O O-O 13. b3 Kg7 14. Rab1 Bd7 15. a3 b6 16. b4 axb4 17. axb4 Na4 18.
Nd2 Nxc3 19. Qxc3 Qe7 20. f4 exf4 21. Rxf4 Qe5 22. Qxe5 dxe5 23. Rf2 Ra2 24. Bd3 h4 25. c5 bxc5 26. bxc5 Nh5 27. Nc4 Rfa8 28. Nxe5 Be8 29. d6 cxd6 30. cxd6 Rxf2 31. Kxf2 Rd8 32. Nc4 Nf4 33.
Bc2 Rc8 34. Ne3 Bd7 35. Rb7 Be6 36. e5 Nd5 37. Be4 Nc3 38. Rc7 Nxe4+ 39. Kf3 Ng5+ 40. Kf4 Nxh3+ 41. gxh3 Ra8 42. d7 Rd8 43. Nc4 Rxd7 44. Rxd7 Bxd7 45. Nd6 Bxh3 46. Kg5 Be6 47. Kxh4 Kf8 48.
Kg5 Ke7 49. Ne4 Kd7 50. Kf6 Kc6 51. Ng5 Kd5 52. Nh7 Ke4 53. Nf8 Kd5 54. Nh7 Ke4 55.
Ng5+ Kd5 56. Nh3 Kd4 57. Nf4 Ke4 58. Nxe6 fxe6 59. Kxe6 g5 60. Kf6 g4 61. e6 g3 62.
e7 g2 63. e8=Q+ Kf3 64. Qe1 g1=Q 65. Qxg1 1-0

[Event "*** Titled Tuesday Blitz"]
[Site "Chess.com"]
[Date "2020.10.20"]
[Round "7"]
[White "KaterynaLagno"]
[Black "Aleksey_Sorokin"]
[Result "1/2-1/2"]
[WhiteElo "2704"]
[BlackElo "2843"]
[TimeControl "180+1"]
[EndTime "11:21:07 PDT"]
[Termination "Game drawn - insufficient material"]

1. e4 c6 2. Nc3 d5 3. Nf3 dxe4 4. Nxe4 Nf6 5. Qe2 Nxe4 6. Qxe4 Qd5 7. Qf4 Qf5 8. Qxf5 Bxf5 9. d3 Nd7 10. Be3 e5 11. O-O-O O-O-O 12. d4 e4 13. Ng5 Bg6 14. Bc4 f6 15. Nf7 Bxf7 16. Bxf7 Nb6 17. c4 Kd7 18. d5 c5 19. Be6+ Kc7 20. Bf5 Nxc4 21. Bxe4 Nxe3 22. fxe3 Re8 23. d6+ Bxd6 24. Bxb7 Rxe3 25. Bf3 Be5 26. Rd2 Bd4 27. Rhd1 a5 28. Rc2 Kb6 29. Rcd2 Rhe8 30. Kc2 a4 31. Rd3 Rxd3 32. Kxd3 Bxb2 33. Kc4 Re7 34. Rd6+ Ka7 35. Kb5 Kb8 36. Kb6 Re8 37. Bc6 Rf8 38. Rd7 Bd4 39. Bxa4 Kc8 40. Kc6 Re8 41. Bb3 f5 42. a4 Rf8 43. Be6 Rf6 44.
Kd5 Kb8 45. a5 c4 46. Kxc4 Rxe6 47. Kxd4 Rg6 48. g3 Rg4+ 49. Ke5 Rg5 50. Kf4 Rh5 51. h4 g6 52. Rg7 Ka8 53. a6 Rh6 54. Kg5 Rh5+ 55. Kf6 Rh6 56. a7 f4 57. gxf4 Rxh4 58.
Kg5 Rh5+ 59. Kf6 Rf5+ 60. Ke6 Rxf4 61. Rxh7 g5 62. Rg7 g4 63. Ke5 Ra4 64. Kf5 Ra1 65.
Rxg4 Rxa7 66. Rg8+ Kb7 67. Rg7+ Ka6 68. Rxa7+ Kxa7 1/2-1/2

[Event "*** Titled Tuesday Blitz"]
[Site "Chess.com"]
[Date "2020.10.20"]
[Round "7"]
[White "scarabee43"]
[Black "Fins0905"]
[Result "1-0"]
[WhiteElo "2492"]
[BlackElo "2623"]
[TimeControl "180+1"]
[EndTime "11:21:09 PDT"]
[Termination "scarabee43 won on time"]

1. Nf3 d5 2. e3 Nf6 3. c4 c6 4. b3 Bf5 5. Bb2 e6 6. Nc3 h6 7. d4 Nbd7 8. Bd3 Bxd3 9. Qxd3 Be7 10. O-O O-O 11. e4 dxe4 12. Nxe4 Nxe4 13. Qxe4 Nf6 14. Qe2 a5 15. Rfd1 a4 16. Bc3 Re8 17. Ne5 Nd7 18.
Nd3 b5 19. Bb4 Bf6 20. Nc5 Nxc5 21. Bxc5 Qa5 22. Rac1 axb3 23. axb3 Qa2 24. Qf3 Rec8 25. cxb5 cxb5 26. d5 Bg5 27. Rc3 exd5 28. h4 Bf6 29. Rcc1 Bxh4 30. Rxd5 Bg5 31. Rcd1 Qc2 32. b4 Qg6 33. Rd7 Bf6 34. g3 Kh7 35. Kg2 Rab8 36. Qd5 Qg5 37. Qxg5 hxg5 38. Rxf7 Kg6 39. Rdd7 Re8 40.
Ra7 g4 41. Rfb7 Rec8 42. Rxb8 Rxb8 43. f3 Kf5 44. fxg4+ Kxg4 45. Ra3 Re8 46. Ra5 Re2+ 47. Kf1 Rb2 48. Rxb5 Kf3 49. Ke1 Bg5 50. Kd1 Rd2+ 51.
Kc1 Kxg3 52. Kb1 Rd5 53. Rb7 g6 54. Rg7 Kg4 55. Rxg6 Kf5 56. Rb6 Ke4 57. Kc2 Bf4 58.
Re6+ Kf5 59. Re1 Be5 60. Kb3 Ke6 61. Kc4 Rd2 62. b5 Rc2+ 63. Kb4 Kd5 64. Rd1+ Ke6 65. b6 Bf4 66. Kb5 Bg3 67. Kc6 Bf2 68. Rd5 1-0

[Event "*** Titled Tuesday Blitz"]
[Site "Chess.com"]
[Date "2020.10.20"]
[Round "7"]
[White "SergeyKarjakin"]
[Black "1stSecond"]
[Result "1-0"]
[WhiteElo "2899"]
[BlackElo "2767"]
[TimeControl "180+1"]
[EndTime "11:21:10 PDT"]
[Termination "SergeyKarjakin won on time"]

1. d4 Nf6 2. Bf4 g6 3. Nc3 Bg7 4. e4 d6 5. h3 a6 6. Nf3 O-O 7. Be2 b5 8. e5 Nfd7 9. O-O Nc6 10. Re1 Bb7 11. Bf1 dxe5 12. dxe5 Nc5 13. Nd5 Ne6 14. Bg3 Ncd4 15. Nxd4 Qxd5 16. Nb3 Rad8 17. Qxd5 Bxd5 18. a4 c6 19. axb5 axb5 20. Ra7 Rfe8 21. Rea1 g5 22. Na5 Nf4 23. Re1 Ra8 24. Rxa8 Rxa8 25. b4 e6 26. h4 h6 27. hxg5 hxg5 28. c3 Kh7 29. f3 Kg6 30. Bf2 Rh8 31. Bd4 g4 32. fxg4 Kg5 33. Nb7 Kxg4 34. Nd6 Rf8 35. Re3 Bh6 36. Kh2 Bg5 37.
Rg3+ Kh5 38. Kg1 Kh6 39. Be3 Ba2 40. Rxg5 Kxg5 41. g3 Kg4 42. Bxf4 Bd5 43. Kf2 Ra8 44. Be2+ Kh3 45. Nxf7 Ra2 46. Ng5+ Kh2 47. g4+ Kh1 48. Nf3 Bc4 49. Nd4 Bxe2 50. Nxe2 Rc2 51. g5 Ra2 52. g6 Ra7 53. g7 Rxg7 54. Ng3+ Kh2 55. Nh5+ Kh1 56.
Nxg7 c5 57. Be3 c4 58. Nxe6 Kh2 59. Nd4 Kh3 60. e6 Kg4 61. e7 Kh5 62. e8=Q+ Kg4 63. Qf8 Kh5 64. Qf7+ 1-0

[Event "*** Titled Tuesday Blitz"]
[Site "Chess.com"]
[Date "2020.10.20"]
[Round "7"]
[White "Zhani-Z"]
[Black "Nara_Kh"]
[Result "1-0"]
[WhiteElo "2534"]
[BlackElo "2387"]
[TimeControl "180+1"]
[EndTime "11:21:13 PDT"]
[Termination "Zhani-Z won by checkmate"]

1. e4 c5 2. Nf3 d6 3. Bb5+ Nd7 4. O-O a6 5. Bxd7+ Bxd7 6. d4 cxd4 7. Qxd4 e5 8. Qd3 b5 9. Bg5 Nf6 10. Nc3 h6 11. Bxf6 Qxf6 12. Rfd1 Bc6 13. a4 bxa4 14. Qc4 Rc8 15. Qxa6 Bd7 16. Rxa4 Qd8 17. Rc4 Be7 18.
Nd5 O-O 19. Rxc8 Bxc8 20. Qxc8 Qxc8 21. Nxe7+ Kh7 22. Nxc8 Rxc8 23. c3 Rc6 24. Kf1 Kg6 25.
Rd5 Kf6 26. Nd2 Ke6 27. Ke2 f5 28. f3 Ra6 29. b4 Ra2 30. b5 Rb2 31. Rxd6+ Kxd6 32. Kd3 Kc5 33. exf5 Kxb5 34. g4 Kc5 35. h4 Ra2 36. h5 Kd5 37. c4+ Kc6 38. Ne4 Ra3+ 39. Ke2 Ra4 40. f6 gxf6 41. Nxf6 Rxc4 42. Ng8 Kd5 43.
Nxh6 Rc2+ 44. Ke3 Rc3+ 45. Kf2 Rc2+ 46. Kg3 Ke6 47. g5 Rc3 48. Kf2 Rc2+ 49. Ke3 Rg2 50. Ng4 Kf5 51. g6 Ra2 52. g7 Ra8 53. g8=Q Rxg8 54.
Nh6+ Kg5 55. Nxg8 Kxh5 56. Ke4 Kg6 57. Kxe5 Kg7 58. f4 Kf7 59. Nh6+ Kf8 60. f5 Ke7 61. f6+ Ke8 62. Ke6 Kf8 63. f7 Kg7 64. Ke7 Kxh6 65. f8=Q+ Kg6 66. Qf4 Kg7 67. Qf5 Kh6 68.
Qg4 Kh7 69. Kf7 Kh6 70. Qg7+ Kh5 71. Qg3 Kh6 72. Qg6# 1-0

[Event "*** Titled Tuesday Blitz"]
[Site "Chess.com"]
[Date "2020.10.20"]
[Round "7"]
[White "mamey78"]
[Black "tylityli"]
[Result "1/2-1/2"]
[WhiteElo "2402"]
[BlackElo "2235"]
[TimeControl "180+1"]
[EndTime "11:21:14 PDT"]
[Termination "Game drawn by repetition"]

1. e4 e5 2. Nf3 Nc6 3. Bb5 a6 4. Ba4 Nf6 5. O-O b5 6. Bb3 Be7 7. Re1 d6 8. c3 O-O 9. h3 Nd7 10. d4 Bf6 11. a4 Ne7 12. axb5 Bb7 13. bxa6 Bxa6 14. Nbd2 Qb8 15. Bc4 Bxc4 16. Rxa8 Qxa8 17. Nxc4 Qc6 18. dxe5 Bxe5 19. Ncxe5 dxe5 20. Bg5 Ng6 21. Qd5 Qxd5 22. exd5 Ra8 23. g3 Ra2 24. Re2 f6 25.
Be3 Kf7 26. Kf1 Ne7 27. c4 Nf5 28.
b4 Ra1+ 29. Kg2 Rb1 30. b5 Nxe3+ 31. Rxe3 Rc1 32. Nd2 Nb6 33. Re4 Rc2 34. Nb3 Nxc4 35. Re1 Nd6 36. Ra1 Nxb5 37. Ra5 Nd4 38. Nc5 Ke7 39.
g4 Ne2 40. Ne4 Nf4+ 41. Kg3 h5 42. Ra7 Kd8 43. d6 hxg4 44. hxg4 Ne6 45. dxc7+ Rxc7 46. Ra8+ Rc8 47. Ra7 Rc7 48. Ra8+ Ke7 49. f3 Kf7 50.
Rb8 Kg6 51. Nd6 Nf4 52. Rb2 Rc3 53. Nf5 Ne6 54. Ne7+ Kf7 55. Nf5 Nd4 56. Rb7+ Kf8 57. Nxg7 Rxf3+ 58. Kh4 Rf4 59. Nh5 Rf1 60. Rb6 Kf7 61. Rb7+ Kg6 62. Rg7+ Kh6 63. Rf7 Kg6 64. Rg7+ Kh6 65. Rf7 Kg6 66. Rg7+ 1/2-1/2

[Event "*** Titled Tuesday Blitz"]
[Site "Chess.com"]
[Date "2020.10.20"]
[Round "7"]
[White "Ajedrez_con_German"]
[Black "krasavetc"]
[Result "1-0"]
[WhiteElo "2450"]
[BlackElo "2326"]
[TimeControl "180+1"]
[EndTime "11:21:15 PDT"]
[Termination "Ajedrez_con_German won by resignation"]

1. Nf3 e6 2. e3 d6 3. b3 Nf6 4. d4 Be7 5. Bb2 O-O 6. Be2 c5 7. O-O d5 8. c4 Nc6 9. cxd5 exd5 10.
Nc3 cxd4 11. Nxd4 Be6 12. Rc1 Rc8 13. Nxc6 bxc6 14. Na4 Qa5 15. Bc3 Qc7 16. Bd4 Ne4 17. Bf3 f5 18. Nc5 Bxc5 19. Bxc5 Rfd8 20. Qd4 Qa5 21.
Bxe4 dxe4 22. Qe5 Bf7 23. b4 Qxa2 24. Bd4 Rxd4 25. Qxd4 Qd5 26. Qxa7 f4 27. Rfd1 Qg5 28. exf4 Qxf4 29. Qe3 Qg4 30. b5 Bd5 31. bxc6 Bxc6 32.
h3 Qf5 33. Rd6 Bb7 34. Rxc8+ Bxc8 35. Rd8+ Kf7 36. Qb3+ Be6 37. Qb4 Qg5 38. Qf8+ Kg6 39. Qd6 Qf6 40. Rf8 Qa1+ 41. Kh2 Qa2 42. Qf4 Qd5 43. Re8 Bf5 44. Re5 Qf7 45. Qg3+ Kf6 46. Rc5 g6 47. Rc6+ Kg7 48. Qe5+ Kh6 49. Qf4+ Kg7 50.
g4 Bd7 51. Qxf7+ Kxf7 52. Rc4 Ke6 53. Rxe4+ Kf6 54. Re3 Bc6 55. Kg3 Kg5 56. h4+ Kf6 57. g5+ Kf5 58. Rc3 Bd5 59. Rc5 Ke6 60. Ra5 Be4 61. Ra7 Bf5 62. Rxh7 Ke5 63. Rf7 Ke6 64. Rxf5 Kxf5 65. f4 Ke4 66. Kg4 1-0

[Event "*** Titled Tuesday Blitz"]
[Site "Chess.com"]
[Date "2020.10.20"]
[Round "7"]
[White "HrvojeZagreb"]
[Black "alexwinter25"]
[Result "0-1"]
[WhiteElo "2202"]
[BlackElo "2358"]
[TimeControl "180+1"]
[EndTime "11:21:15 PDT"]
[Termination "alexwinter25 won by resignation"]

1. d4 d5 2. Bf4 Nf6 3. e3 c5 4. Nc3 e6 5. Nb5 Na6 6. c3 Be7 7. Bd3 O-O 8. h4 cxd4 9. exd4 Bd7 10. a4 Bxb5 11. axb5 Nc7 12. Nf3 Nce8 13. Ng5 Nd6 14. Qe2 h6 15. Bc2 a6 16. bxa6 Rxa6 17. Rxa6 bxa6 18. Qd3 Qa5 19. Bxd6 Bxd6 20. Nh7 Rb8 21. Nxf6+ gxf6 22. Qh7+ Kf8 23. Qxh6+ Ke7 24. Qc1 Qb5 25.
h5 Qxb2 26. Qxb2 Rxb2 27. h6 Rb8 28. h7 Rh8 29. Kd2 f5 30. Ra1 Rxh7 31. Rxa6 Rh2 32. Ke2 Rxg2 33. Kf3 Rg1 34. Ra7+ Kf6 35. Ba4 Rc1 36. Be8 Rxc3+ 37. Kg2 Be7 38. Ra4 Rc4 39. Rxc4 dxc4 40. Bb5 c3 41. Bd3 Bd6 42. Kf3 Kg5 43. Ke2 Bf4 44. Bc2 Bd2 45. Ba4 f6 46. Bd7 e5 47. d5 Kg6 48. Be6 Kg7 49. Bxf5 Kf8 50.
Kd3 Ke7 51. Be4 Kd6 52. f3 Kc5 53. Kc2 Kd6 54. Kd3 Be1 55. Kc2 f5 56. Bxf5 Kxd5 57.
Be4+ Kd4 58. Ba8 Ke3 59. Bb7 Bd2 60. Be4 Kf2 61. Bc6 Ke3 62. Be4 Kd4 63. Bc6 Kc5 64. Be4 Kb6 65. Ba8 Ka7 66. Be4 Kb6 67. Bd3 Ka5 68. Be4 Kb4 69. Bd3 Bf4 70. Be4 Kc5 71. Bd3 Kd4 72. Be4 Ke3 73. Bd3 Kxf3 74. Be4+ Kxe4 75. Kxc3 Ke3 76. Kc2 Ke2 77. Kc3 e4 78.
Kd4 e3 0-1

[Event "*** Titled Tuesday Blitz"]
[Site "Chess.com"]
[Date "2020.10.20"]
[Round "7"]
[White "mishanick"]
[Black "WIDBIFS"]
[Result "1/2-1/2"]
[WhiteElo "2993"]
[BlackElo "2769"]
[TimeControl "180+1"]
[EndTime "11:21:19 PDT"]
[Termination "Game drawn - insufficient material"]

1. d4 Nf6 2. c4 g6 3. Nc3 Bg7 4. e4 d6 5. Be2 O-O 6. Be3 Na6 7. Nf3 e5 8. d5 Nc5 9. Nd2 a5 10. g4 c6 11. g5 Nfd7 12. h4 Nb6 13. b3 Bd7 14. Rc1 Rc8 15. h5 f6 16. hxg6 hxg6 17.
Nf3 f5 18. Bxc5 dxc5 19. Qd2 fxe4 20. Nxe4 Bf5 21. Ng3 cxd5 22. cxd5 Bg4 23. Nh4 Bxe2 24. Qxe2 Qxg5 25. Rd1 Rf4 26. Nf3 Qg4 27. Ng1 e4 28. Qxg4 Rxg4 29. N1e2 c4 30. bxc4 Nxc4 31. Kf1 Nd6 32. Nd4 Bxd4 33. Rxd4 Rc1+ 34. Kg2 Rc2 35. Re1 Rxg3+ 36. Kxg3 Nf5+ 37. Kf4 Nxd4 38. d6 Nf5 39. Ke5 Rd2 40. Rxe4 Rxd6 41. Ra4 Ra6 42. Rc4 Rc6 43. Rf4 Kf7 44. Ra4 b6 45. Kf4 Kf6 46. Kg4 Nd6 47. Rf4+ Ke6 48. Kg5 Rc4 49. Rf6+ Ke7 50. Rf3 Rc5+ 51. Kxg6 Re5 52. a3 b5 53. Rb3 Re4 54. f3 Rd4 55. Kg5 b4 56. axb4 axb4 57. f4 Ke6 58. Re3+ Re4 59. Rd3 Nf5 60. Rd8 Ne3 61. Rb8 Nc4 62. Rxb4 Nd6 63. Rb6 Kd5 64. f5 Re5 65. Kg6 Rxf5 66. Rxd6+ Kxd6 67. Kxf5 1/2-1/2

[Event "*** Titled Tuesday Blitz"]
[Site "Chess.com"]
[Date "2020.10.20"]
[Round "7"]
[White "Illingworth"]
[Black "Durarbayli"]
[Result "1-0"]
[WhiteElo "2901"]
[BlackElo "2773"]
[TimeControl "180+1"]
[EndTime "11:21:19 PDT"]
[Termination "Illingworth won on time"]

1. d4 Nf6 2. c4 e6 3. Nc3 Bb4 4. Bd2 O-O 5. Nf3 d5 6. e3 c5 7.
a3 cxd4 8. axb4 dxc3 9. Bxc3 dxc4 10. Qxd8 Rxd8 11. Bxc4 Ne4 12. Ke2 Nc6 13. b5 Nxc3+ 14. bxc3 Ne7 15. Rhd1 Re8 16. Ra3 a5 17. b6 f6 18. Nd4 Kf7 19. Nb5 Rf8 20. Nc7 Rb8 21. Rxa5 Nc6 22. Ra7 Ke7 23. Ra2 Ne5 24. Bb3 Bd7 25. f4 Nc6 26. Rad2 Rfd8 27. h3 Na5 28. Ba2 Nc6 29. Rd6 Bc8 30. Rxd8 Nxd8 31. c4 Bd7 32. c5 Nc6 33. Rd6 Nd8 34. g4 Nf7 35. Rd2 h5 36. gxh5 Rh8 37. Rxd7+ Kxd7 38. Bxe6+ Ke7 39. Bd5 Nd8 40.
Bf3 Kd7 41. Nb5 Ne6 42. Bg4 f5 43. Bxf5 Rxh5 44. Bxe6+ Kxe6 45. Nd4+ Kd7 46. Nb3 Rxh3 47. Kd3 Rh1 48. Kc4 Rb1 49. Nd4 Rc1+ 50. Kd5 Rd1 51.
e4 Ke7 52. f5 Rd2 53. Ke5 Rd1 54. Kd5 Kd7 55. e5 Rd2 56. e6+ Ke7 57. Kc4 Rd1 58.
c6 Rc1+ 59. Kd5 Rb1 60. c7 Rc1 61. Ke5 Rc5+ 62. Kf4 Kd6 63. Kg5 Rc4 64. Nb5+ Ke7 65. Na7 g6 66. c8=Q Rxc8 67. Nxc8+ Kd8 68. Nd6 1-0

[Event "*** Titled Tuesday Blitz"]
[Site "Chess.com"]
[Date "2020.10.20"]
[Round "7"]
[White "Pavalamalli"]
[Black "Chessdreamer2020"]
[Result "0-1"]
[WhiteElo "2297"]
[BlackElo "2465"]
[TimeControl "180+1"]
[EndTime "11:21:19 PDT"]
[Termination "Chessdreamer2020 won on time"]

1. e4 d6 2. d4 Nf6 3. Nc3 e5 4.
dxe5 dxe5 5. Qxd8+ Kxd8 6. Bg5 c6 7. O-O-O+ Ke8 8. Nf3 Bg4 9. Be2 Nbd7 10. h3 Be6 11. Nh4 g6 12. f4 h6 13. Bxf6 Nxf6 14. f5 gxf5 15. exf5 Bd5 16. Bf3 Rd8 17. Rhe1 e4 18. Nxe4 Bxe4 19. Bxe4 Rxd1+ 20. Kxd1 Kd8 21. Nf3 Bd6 22.
g4 Bf4 23. Bd3 Nd5 24. Re4 Bd6 25. Ne5 Rf8 26. Bc4 b5 27. Bxd5 cxd5 28. Re3 Kc7 29. Nf3 Rd8 30. Nd4 a6 31. f6 Rh8 32. Nf5 Kc6 33.
Rc3+ Kd7 34. Rd3 Ke6 35. Re3+ Be5 36. Ng7+ Kxf6 37. Nh5+ Ke6 38. Nf4+ Kd6 39. Nd3 Bd4 40. Rf3 f6 41. c3 Be5 42. Rf5 a5 43. Rh5 Ke6 44. Ke2 b4 45. cxb4 axb4 46. Nxb4 Bxb2 47.
Nxd5 Be5 48. Ne3 Ra8 49. Nf5 Rxa2+ 50. Kf3 Ra3+ 51. Ke4 Ra4+ 52. Kd3 Ra3+ 53. Kc4 Ra4+ 54. Kb3 Rf4 55. Rxh6 Rf3+ 56. Kc4 Rf4+ 57. Kd3 Rf3+ 58. Ke4 Rf4+ 59. Ke3 Ra4 60. Rh7 Ra3+ 61. Kd2 Kd5 62. Rd7+ Ke4 63. Kc2 Ra2+ 0-1

[Event "*** Titled Tuesday Blitz"]
[Site "Chess.com"]
[Date "2020.10.20"]
[Round "7"]
[White "tptagain"]
[Black "swimmerchess"]
[Result "1-0"]
[WhiteElo "2910"]
[BlackElo "2775"]
[TimeControl "180+1"]
[EndTime "11:21:23 PDT"]
[Termination "tptagain won by checkmate"]

1. e4 c5 2. Nc3 a6 3. g3 b5 4. Bg2 Bb7 5. d3 e6 6. Nh3 Nf6 7. O-O b4 8. Na4 d5 9. exd5 Bxd5 10.
Bxd5 Qxd5 11. Nf4 Qb7 12. c3 a5 13. d4 cxd4 14. cxd4 Nbd7 15. d5 e5 16. d6 Ra6 17. Re1 Rxd6 18. Qe2 Be7 19. Nd3 O-O 20. Bg5 Qb5 21. Ndc5 Qxe2 22. Rxe2 Nxc5 23. Nxc5 Rd5 24.
Bxf6 gxf6 25. Ne4 Rc8 26. g4 a4 27. Kg2 Rc4 28. h3 Bd8 29. b3 Rcd4 30. bxa4 Ra5 31. Rc1 Rxa4 32. Rc8 Kg7 33. Ng3 Kf8 34. Nf5 Rd3 35.
Rb8 Ke8 36. Rc2 Kd7 37. Rb7+ Ke8 38. Rb2 Ba5 39. Re7+ Kf8 40. Ra7 Raa3 41. Ra8+ Rd8 42. Ra6 Rdd3 43. Rxf6 Rxh3 44. Ra6 Rhd3 45. Re2 Bc7 46.
Rc6 Rac3 47. Rh6 Kg8 48. Re4 Rc2 49. Rxb4 Rdd2 50. Rc6 Rxf2+ 51. Kg3 Rxc6 52. Kxf2 Rb6 53. Rc4 Rb7 54. Kf3 f6 55. a4 Kf7 56. Ke4 Ke6 57.
Rc6+ Kf7 58. Kd5 Ba5 59. Rc5 Ra7 60. Nd6+ Kg6 61. Ne4 Be1 62. Rc6 Ra5+ 63. Ke6 Rxa4 64. Nxf6 Rf4 65. Nd5 Rxg4 66. Kxe5+ Kg5 67. Rc8 h5 68.
Rh8 Bg3+ 69. Ke6 Re4+ 70. Kf7 h4 71. Nf6 Rf4 72. Rh5# 1-0

[Event "*** Titled Tuesday Blitz"]
[Site "Chess.com"]
[Date "2020.10.20"]
[Round "7"]
[White "Flopezin"]
[Black "grunbergmihai"]
[Result "0-1"]
[WhiteElo "2358"]
[BlackElo "2509"]
[TimeControl "180+1"]
[EndTime "11:21:27 PDT"]
[Termination "grunbergmihai won on time"]

1. c4 Nf6 2. Nc3 g6 3. e4 d6 4. d4 Bg7 5. Be2 O-O 6. Nf3 c6 7. h3 a6 8. a4 a5 9. g4 Na6 10. Be3 Nb4 11. Nd2 e5 12. d5 cxd5 13. cxd5 Nd7 14.
O-O f5 15. f3 Nc5 16. Nb3 b6 17. Nxc5 bxc5 18. Nb1 fxe4 19. fxe4 Rxf1+ 20. Bxf1 Qh4 21. Bf2 Qg5 22. Qd2 Bh6 23. Qxg5 Bxg5 24. Nc3 Nc2 25.
Rd1 Nd4 26. Nb5 Be7 27. Bxd4 exd4 28. Na3 Rb8 29. Bb5 h5 30. gxh5 gxh5 31. Kh2 Kh7 32. Nc4 Ra8 33. Rf1 Kg6 34. Nb6 Rb8 35. Nc4 Ra8 36.
Nb6 Rb8 37. Nc4 Bf6 38. Nxa5 d3 39. Nc6 Ra8 40. b3 d2 41. e5 dxe5 42. Rd1 Bg5 43.
Nxe5+ Kf5 44. Nf3 Bf4+ 45. Kg2 Bb7 46. Bc6 Bxc6 47. dxc6 Rd8 48. c7 Bxc7 49. Rxd2 Rg8+ 50. Kf2 Bb6 51. Rd5+ Ke4 52. Re5+ Kf4 53. Re6 Rb8 54. Ke2 Ba5 55. Nd2 Bxd2 56. Kxd2 Rxb3 57. Rc6 Rxh3 58. Rxc5 h4 59. Kc2 Ra3 60. a5 h3 61.
Kb2 Ra4 62. Kb3 Ra1 63. Kb2 h2 64. Rc4+ Ke5 65. Rh4 h1=Q 66. Rxh1 Rxh1 67. a6 Rh6 68. a7 Ra6 0-1

[Event "*** Titled Tuesday Blitz"]
[Site "Chess.com"]
[Date "2020.10.20"]
[Round "7"]
[White "MatyChess1"]
[Black "AlexTriapishko"]
[Result "1/2-1/2"]
[WhiteElo "2549"]
[BlackElo "2785"]
[TimeControl "180+1"]
[EndTime "11:21:29 PDT"]
[Termination "Game drawn - insufficient material"]

1. e4 c6 2. Nc3 d5 3. Nf3 Bg4 4. h3 Bxf3 5. Qxf3 Nf6 6. d3 e6 7.
a3 Nbd7 8. g3 Bc5 9. Bg2 O-O 10.
O-O a5 11. Bf4 Bd4 12. Rab1 Ne5 13. Qd1 Ng6 14. Bd2 dxe4 15. Nxe4 Nxe4 16. Bxe4 Qd6 17. Kg2 a4 18. c3 Bb6 19. d4 e5 20. dxe5 Qxe5 21. Qf3 Rad8 22. Rbd1 Qb5 23. Bc1 Ne5 24. Qf5 g6 25. Qf6 Rxd1 26. Rxd1 Qe2 27. Qxe5 Bxf2 28. Rd2 Bxg3+ 29. Rxe2 Bxe5 30. Bxc6 bxc6 31. Rxe5 Ra8 32. Rc5 Ra6 33. Bh6 f6 34. Be3 Kf7 35. Rc4 Ke6 36. Kf3 g5 37. h4 h6 38. hxg5 hxg5 39.
Bd4 Kd5 40. Rc5+ Ke6 41. Rc4 Kd5 42. Rc5+ Ke6 43. Kg4 Rb6 44. Rf5 Rxb2 45. Rxf6+ Kd5 46. Rf5+ Ke4 47. Rc5 Rb3 48. Rxc6 Rxa3 49. Kxg5 Ra2 50. Ra6 Kd3 51. Kf6 a3 52. Ke5 Kc4 53. Rc6+ Kb3 54. Rb6+ Kc4 55. Ra6 Ra1 56. Ra4+ Kb3 57. Ra8 a2 58. c4 Re1+ 59. Kd5 Rd1 60. c5 Rc1 61. c6 Rc2 62. Bc5 Rd2+ 63. Ke6 Rc2 64. Kd6 Rd2+ 65. Ke6 Rc2 66. Kd6 Rd2+ 67. Kc7 Rd1 68. Kb6 a1=Q 69.
Rxa1 Rxa1 70. c7 Ra8 71. Kb7 Re8 72. Be7 Rxe7 73. Kb8 Re8+ 74. c8=Q Rxc8+ 75. Kxc8 1/2-1/2

[Event "*** Titled Tuesday Blitz"]
[Site "Chess.com"]
[Date "2020.10.20"]
[Round "7"]
[White "Gabrielian_Artur"]
[Black "amintabatabaei"]
[Result "1-0"]
[WhiteElo "2793"]
[BlackElo "2933"]
[TimeControl "180+1"]
[EndTime "11:21:33 PDT"]
[Termination "Gabrielian_Artur won on time"]

1. e4 e5 2. Nc3 Nf6 3. g3 d5 4. exd5 Nxd5 5. Bg2 Nxc3 6. bxc3 Bc5 7. Nf3 Nc6 8. O-O O-O 9. Re1 Re8 10. d4 Bg4 11. d5 e4 12. dxc6 Qxd1 13. Rxd1 bxc6 14. Bf4 exf3 15.
Bf1 Bb6 16. a4 a5 17. h3 Bf5 18. Rd2 Rad8 19. Rad1 Rxd2 20. Rxd2 h5 21. Bc4 Re1+ 22. Kh2 Be6 23. Bxe6 Rxe6 24. g4 h4 25. Bg5 Re2 26. Rd8+ Kh7 27. Bxh4 Rxc2 28. Rd3 Bxf2 29.
Bxf2 Rxf2+ 30. Kg3 Rf1 31. Rd7 f6 32. Rxc7 Ra1 33. Rxc6 Rxa4 34. Kxf3 Kg6 35. h4 Ra1 36. h5+ Kg5 37. Rc5+ Kh6 38. Ke4 a4 39. Ra5 a3 40.
Kd3 a2 41. Kc4 Rg1 42. Rxa2 Rxg4+ 43. Kd5 Kxh5 44. c4 Rg1 45. Rd2 g5 46. c5 g4 47. c6 Rc1 48. Kd6 f5 49. Rd5 Kg5 50. Rc5 Rd1+ 51. Ke7 Re1+ 52. Kf7 Ra1 53. c7 Ra8 54. Ke6 g3 55. Rxf5+ Kg4 56. Ra5 Rxa5 57. c8=Q g2 58. Qc4+ Kh3 59. Qc3+ Kh2 60. Qh8+ Kg1 61. Qd4+ Kh1 62. Qh4+ Kg1 63. Qe1+ Kh2 64. Qh4+ Kg1 65. Kd6 Rf5 66. Qd4+ Kf1 67. Qd3+ Ke1 68. Qe3+ Kf1 69. Qd3+ Ke1 70. Qe4+ 1-0